 Dungeon Crawl Stone Soup version 0.25.0-11-g1f837a76a1 (webtiles) character file.

Game seed: 7368050140555986276

7 sanka the Grave Robber (level 2, -1/15 HPs)
             Began as a Kobold Necromancer on June 27, 2020.
             Slain by a jackal (2 damage)
             ... on level 1 of the Dungeon.
             The game lasted 00:01:10 (411 turns).

sanka the Grave Robber (Kobold Necromancer)          Turns: 411, Time: 00:01:11

Health: -1/15      AC:  2    Str:  5    XL:     2   Next: 10%
Magic:  0/5        EV: 15    Int: 16    God:
Gold:   0          SH:  0    Dex: 15    Spells: 4/6 levels left

rFire    . . .     SeeInvis .   (weapon restricted)
rCold    . . .     Gourm    .   (shield restricted)
rNeg     . . .     Faith    .   a - +0 robe
rPois    .         Spirit   .   (no helmet)
rElec    .         Reflect  .   (no cloak)
rCorr    .         Harm     .   (no gloves)
MR       .....                  (no boots)
Stlth    ++........             (no amulet)
HPRegen  0.05/turn              (no ring)
MPRegen  0.09/turn              (no ring)

@: no status effects
A: small, carnivore
a: no special abilities


You were on level 1 of the Dungeon.
You were not hungry.

You visited 1 branch of the dungeon, and saw 1 of its levels.


Innate Abilities, Weirdness & Mutations

You are small and have problems with some larger weapons.
You are carnivorous and can eat meat at any time.


   Skills:
 - Level 2.4 Dodging
 - Level 2.6 Stealth
 + Level 2.5 Spellcasting
 + Level 4.2 Necromancy


You had 4 spell levels left.
You knew the following spells:

 Your Spells              Type           Power        Failure   Level  Hunger
z - Pain                  Necr           ###.         3%          1    #......
Z - Animate Skeleton      Necr           N/A          3%          1    #......

Your spell library contained the following spells:

 Spells                   Type           Power        Failure   Level  Hunger
 Vampiric Draining        Necr           ###.......   11%         3    ###....
 Animate Dead             Necr           N/A          34%         4    #####..
 Agony                    Necr           ###.....     67%         5    ######.

Inventory:

Missiles
 d - 2 stones (quivered)
Armour
 a - a +0 robe (worn)
Scrolls
 b - 2 scrolls of magic mapping {unknown}
Comestibles
 c - a ration

Dungeon Overview and Level Annotations

Branches:
Dungeon (1/15)

Altars:

Annotations:
D:1 1 runed translucent door

....................▒
...▒▒▒▒▒▒▒▒▒▒▒▒▒▒▒..▒
...▒.B...w.......▒..▒
...▒r.Jw........B▒..▒
...▒hrBh.J..JrrrB▒..▒
...▒▒▒▒▒▒▒+▒▒▒▒▒▒▒..▒
...▒.............▒..▒
...'⌠....▒▒▒....⌠h..▒
.%.▒......<.....K▒.▒▒
...▒..⌠...>...⌠..▒h▒
...▒▒▒+▒▒▒▒▒▒▒+▒▒▒.▒
.... ............▒
..... .........▒▒▒▒
.▒.... .........▒
.▒▒.▒...........▒ ▒
.▒..........Z▒
........h▒


You could see a worm, 2 oozes, a jackal, 2 giant cockroaches and 3 rats.


Message History

The jackal is heavily wounded.
The jackal bites you but does no damage.
There is nothing here that can be animated!
Unknown command.
Aiming: Pain (safe; 3% risk of failure)
Aim: a jackal (heavily wounded, chance to defeat MR: 85%)
The jackal writhes in agony.
You kill the jackal!
You open the door.
There is an open door here.
Aiming: Pain (safe; 3% risk of failure)
Aim: a jackal (chance to defeat MR: 85%)
The jackal writhes in agony.
The ooze quivers.
The jackal misses you.
You barely miss the jackal.
The jackal is severely wounded.
The jackal barely misses you. The jackal bites you.
* * * LOW HITPOINT WARNING * * *
You closely miss the jackal.
The jackal is severely wounded.
The jackal closely misses you.
You hit the jackal.
The jackal is almost dead.
The jackal bites you but does no damage.
You closely miss the jackal.
The jackal is almost dead.
The jackal bites you.
You die...

Action                   || total
-------------------------++-------
Melee: Unarmed           ||    30
 Cast: Pain              ||    15
       Animate Skeleton  ||     3
  Eat: Chunk             ||     2
Armor: Robe              ||     5
Dodge: Dodged            ||    32

Levels and vault maps discovered:
D:1:      dpeg_arrival_caged_fury, layout_rooms, st_stairs_12,
          serial_park_tiny_pond

Notes
Turn   | Place    | Note
-------+----------+-------------------------------------------
     0 | D:1      | sanka the Kobold Necromancer began the quest for the Orb.
     0 | D:1      | Reached XP level 1. HP: 10/10 MP: 3/3
     1 | D:1      | Found a runed translucent door.
     5 | D:1      | Learned a level 1 spell: Animate Skeleton
   375 | D:1      | Reached XP level 2. HP: 12/15 MP: 0/5
   408 | D:1      | HP: 1/15 [jackal (2)]
   411 | D:1      | Slain by a jackal

Vanquished Creatures
  A hobgoblin (D:1)
  2 jackals (D:1)
  A kobold (D:1)
  3 rats (D:1)
7 creatures vanquished.

Vanquished Creatures (collateral kills)
  A giant cockroach (D:1)
1 creature vanquished.

Grand Total: 8 creatures vanquished
